[Event "Titled Tuesday Blitz April 19 Late 2022"]
[White "Fernandez Hernandez, Gerardo"]
[Black "Martinez Reyes, Pedro Ramon"]
[WhiteFideId "2207400"]
[BlackFideId "3901807"]
[WhiteElo "2150"]
[BlackElo "2410"]
[Result "0-1"]
[Round "03"]
[TimeControl "180+1"]
[Date "2022.04.19"]
[WhiteClock "0:00:02"]
[BlackClock "0:00:13"]

1. e4 c6 2. d4 Na6 3. Nc3 Nc7 4. f4 d5 5. e5 h5 6. Be3 Bg4 7. Qd2 Nh6 8. h3 Bd7 9. Nf3 Nf5 10. Bf2 e6 11. Bd3 g6 12. O-O-O h4 13. Qe1 Be7 14. Ne2 Na6 15. g4 hxg3 16. Nxg3 Nxg3 17. Bxg3 Nb4 18. Kb1 Nxd3 19. Rxd3 Qc7 20. Bh4 Bxh4 21. Nxh4 O-O-O 22. Nf3 Rdf8 23. Ng5 Kb8 24. Qb4 Be8 25. Nh7 Rfg8 26. Nf6 Rg7 27. h4 b6 28. Qd6 Kc8 29. Qxc7+ Kxc7 30. Rg3 Kd8 31. h5 Rh6 32. c3 c5 33. Kc2 Bb5 34. Kd2 Ke7 35. f5 exf5 36. Nxd5+ Kf8 37. Nf6 g5 38. d5 f4 39. Rf3 Ke7 40. d6+ Ke6 41. Re1 Bc6 42. Rf2 f3 43. Ne8 Bxe8 44. Rxf3 g4 45. Rf6+ Rxf6 46. exf6+ Kxf6 47. Rxe8 Rg5 48. d7 Rd5+ 49. Ke3 Rxd7 50. Kf4 Rd2 51. Ra8 Rxb2 52. Rxa7 Rg2 53. h6 g3 0-1


[Site "https://www.chess.com"]

[Event "Titled Tuesday Blitz April 19 Late 2022"]
[White "Fernandez Siles, Luis"]
[Black "Bryakin, Mikhail"]
[WhiteFideId "2209420"]
[BlackFideId "4165314"]
[WhiteElo "2212"]
[BlackElo "2417"]
[Result "1-0"]
[Round "03"]
[TimeControl "180+1"]
[Date "2022.04.19"]
[WhiteClock "0:00:21"]
[BlackClock "0:00:09"]

1. e4 Nf6 2. Nc3 d6 3. f4 g6 4. Nf3 c5 5. Bb5+ Bd7 6. Bc4 e6 7. O-O Bg7 8. f5 Nc6 9. Nb5 Nxe4 10. d3 a6 11. fxe6 fxe6 12. dxe4 axb5 13. Bxb5 Nd4 14. Bxd7+ Qxd7 15. Ng5 Rf8 16. c3 Rxf1+ 17. Qxf1 Nc6 18. Be3 h6 19. Nh3 O-O-O 20. Rd1 Qe7 21. Nf4 g5 22. Nh5 Be5 23. Ng3 Rf8 24. Qb5 Bf4 25. Bf2 Qc7 26. b4 b6 27. a4 Be5 28. a5 bxa5 29. bxa5 Na7 30. Qc4 Kd7 31. a6 Rc8 32. Nh5 Qb6 33. Bg3 Bxg3 34. hxg3 Qb5 35. Qa2 c4 36. Rb1 Qc5+ 37. Kh2 g4 38. Nf4 Rc7 39. Rb8 Qe5 40. Rg8 Qxc3 41. Qa4+ Nc6 42. Rg7+ Kc8 43. Rxc7+ Kxc7 44. a7 Nxa7 45. Qxa7+ Kc6 46. Qa6+ Kc5 47. Nxe6+ Kb4 48. Qb6+ Ka3 49. Nc7 Ka2 50. Nb5 Qb3 51. Qf2+ Kb1 52. Nd4 Qc3 53. Qf1+ Kb2 54. Qf2+ Kb1 55. Ne2 Qc2 56. Qe3 Kb2 57. Qd4+ Kb3 58. Nf4 Ka2 59. Qxd6 Kb3 60. Qd5 Kb2 61. Qd4+ c3 62. Nd5 Kb3 63. Qxc3+ Qxc3 64. Nxc3 Kxc3 65. e5 Kd4 66. e6 Ke5 67. e7 Kf5 68. e8=Q Kg5 69. Qg8+ Kh5 70. Qf7+ Kg5 71. Qg7+ Kh5 72. Qe5+ Kg6 73. Kg1 1-0


[Site "https://www.chess.com"]

[Event "Titled Tuesday Blitz April 19 Late 2022"]
[White "Ferreira, Vitor Hugo Vieira"]
[Black "Hasangatin, Ramil"]
[WhiteFideId "2119765"]
[BlackFideId "4122160"]
[WhiteElo "2165"]
[BlackElo "2375"]
[Result "0-1"]
[Round "03"]
[TimeControl "180+1"]
[Date "2022.04.19"]
[WhiteClock "0:01:54"]
[BlackClock "0:01:39"]

1. d4 Nf6 2. c4 d6 3. Nc3 e5 4. dxe5 dxe5 5. Qxd8+ Kxd8 6. e4 Bb4 7. Bg5 c6 8. O-O-O+ Kc7 9. Nge2 Ng4 10. Bh4 Bc5 11. f3 Nf2 12. Bxf2 Bxf2 13. Ng3 Be6 14. Bd3 Nd7 15. Rhf1 Be3+ 16. Kc2 Nc5 17. b3 Rad8 18. Be2 a5 19. Nf5 Bxf5 20. exf5 g6 21. fxg6 hxg6 22. h3 f5 23. Rxd8 Rxd8 24. Rd1 Bd4 25. Nb1 Ne6 26. g3 Rh8 27. Rh1 Bf2 28. g4 Nd4+ 29. Kd3 Rd8 30. Bd1 Bh4 31. Ke3 Ne6 32. Bc2 Bg5+ 33. Kf2 Nd4 34. Bd1 Bh4+ 35. Ke3 Kb6 36. Nc3 Kc5 37. gxf5 Nxf5+ 38. Ke4 Ng3+ 0-1


[Site "https://www.chess.com"]

[Event "Titled Tuesday Blitz April 19 Late 2022"]
[White "Foisor, Sabina-Francesca"]
[Black "Jaferian, Koosha"]
[WhiteFideId "1212915"]
[BlackFideId "12507440"]
[WhiteElo "2243"]
[BlackElo "2030"]
[Result "0-1"]
[Round "03"]
[TimeControl "180+1"]
[Date "2022.04.19"]
[WhiteClock "0:00:01"]
[BlackClock "0:00:17"]

1. d4 Nf6 2. c4 e6 3. Nf3 b6 4. g3 Ba6 5. Qc2 Bb4+ 6. Bd2 Be7 7. Bg2 c6 8. O-O d5 9. b3 O-O 10. Bc1 Nbd7 11. Bb2 Rc8 12. Rd1 Ne4 13. Nc3 f5 14. Ne5 Nxe5 15. dxe5 Qe8 16. e3 Qh5 17. Ne2 Rfd8 18. f3 Ng5 19. Nf4 Qh6 20. h4 Nf7 21. Rac1 Bc5 22. Bd4 Ba3 23. Rb1 Bf8 24. c5 bxc5 25. Bxc5 Nxe5 26. Bd4 Nd7 27. Bxa7 c5 28. b4 cxb4 29. Qa4 Bc4 30. Bf1 Nc5 31. Bxc5 Bxc5 32. Kf2 Bxf1 33. Rxf1 Ra8 34. Qc6 Rxa2+ 35. Kg1 Bxe3+ 36. Kh1 Bxf4 37. Qb6 Rf8 38. Qxb4 Bxg3 39. Rb2 Rxb2 0-1


[Site "https://www.chess.com"]

[Event "Titled Tuesday Blitz April 19 Late 2022"]
[White "Gatterer, Florian"]
[Black "Blackman, Justin"]
[WhiteFideId "811688"]
[BlackFideId "11100516"]
[WhiteElo "2218"]
[BlackElo "2112"]
[Result "1/2-1/2"]
[Round "03"]
[TimeControl "180+1"]
[Date "2022.04.19"]
[WhiteClock "0:00:07"]
[BlackClock "0:00:49"]

1. f4 d5 2. Nf3 Bg4 3. Ne5 Bf5 4. e3 e6 5. Be2 Nf6 6. O-O h5 7. d3 Bc5 8. d4 Bd6 9. c4 c6 10. Qb3 Qc8 11. Nc3 Nbd7 12. Bd2 O-O 13. Qd1 g6 14. Rc1 Qd8 15. h3 h4 16. Be1 Ne4 17. Nxe4 Bxe4 18. Nf3 Be7 19. Bd3 Bxd3 20. Qxd3 b6 21. Bf2 Rc8 22. cxd5 exd5 23. Qe2 Re8 24. Nh2 Kg7 25. Qf3 f5 26. Qd1 Bf6 27. Nf3 Re6 28. Ne5 Qe7 29. Qa4 Nb8 30. Kh1 g5 31. Rc2 b5 32. Qb3 Nd7 33. Qd3 Bxe5 34. fxe5 Rf8 35. Bg1 Kg6 36. Bh2 c5 37. Rcf2 c4 38. Qc2 Qf7 39. b3 Nb6 40. Kg1 b4 41. bxc4 Nxc4 42. e4 Ne3 43. exf5+ Kg7 44. f6+ Kh8 45. Qe2 Nxf1 46. Rxf1 Kh7 47. Qg4 Kh6 48. Rf5 Rg8 49. Bf4 Qh5 50. Bxg5+ Rxg5 51. Rxg5 Qxg5 52. Qxe6 Qc1+ 53. Kh2 Qf4+ 54. Kh1 Qc1+ 55. Kh2 Qf4+ 56. Kh1 Qf1+ 57. Kh2 Qf4+ 1/2-1/2


[Site "https://www.chess.com"]

[Event "Titled Tuesday Blitz April 19 Late 2022"]
[White "Gnechko, Ruslan"]
[Black "Caruana, Fabiano"]
[WhiteFideId "14135868"]
[BlackFideId "2020009"]
[WhiteElo "2289"]
[BlackElo "2744"]
[Result "0-1"]
[Round "03"]
[TimeControl "180+1"]
[Date "2022.04.19"]
[WhiteClock "0:00:56"]
[BlackClock "0:01:51"]

1. d4 g6 2. c4 Bg7 3. Nc3 d6 4. e4 Nf6 5. Nge2 O-O 6. Ng3 a6 7. Be2 c6 8. h4 h5 9. Bg5 b5 10. O-O Nbd7 11. f4 Nb6 12. cxb5 axb5 13. e5 Ng4 14. f5 dxe5 15. Bxg4 hxg4 16. fxg6 Qxd4+ 17. Kh2 Qxd1 18. Raxd1 fxg6 19. Bxe7 Rxf1 20. Nxf1 Kf7 21. Bc5 Na4 22. Nxa4 Rxa4 23. a3 e4 24. Ne3 Bxb2 25. Rd8 Be6 26. Rf8+ Kg7 27. Re8 Bxa3 28. Rxe6 Bxc5 29. Nxg4 e3 30. Kg3 Kf7 31. Rxc6 Rxg4+ 32. Kxg4 e2 33. Rxc5 e1=Q 0-1


[Site "https://www.chess.com"]

[Event "Titled Tuesday Blitz April 19 Late 2022"]
[White "Golubev, Mikhail"]
[Black "Palacio,Igor Da Paz"]
[WhiteFideId "14100983"]
[BlackFideId "2121140"]
[WhiteElo "2374"]
[BlackElo "2144"]
[Result "1-0"]
[Round "03"]
[TimeControl "180+1"]
[Date "2022.04.19"]
[WhiteClock "0:00:17"]
[BlackClock "0:00:02"]

1. e4 Nf6 2. e5 Nd5 3. d4 d6 4. Nf3 Bg4 5. Be2 e6 6. c4 Nb6 7. Nc3 Be7 8. O-O O-O 9. Be3 N8d7 10. exd6 cxd6 11. h3 Bh5 12. b3 Nf6 13. a4 a6 14. a5 Nbd7 15. b4 Rc8 16. c5 Nd5 17. Nxd5 exd5 18. Bf4 Nf6 19. Rc1 Ne4 20. Nd2 Bxe2 21. Qxe2 Nxd2 22. Qxd2 dxc5 23. dxc5 Bf6 24. Bd6 Re8 25. Qxd5 Rc6 26. Qd3 Qd7 27. Rfe1 Rcc8 28. Kf1 g6 29. Rxe8+ Rxe8 30. Kg1 Kg7 31. Bf8+ 1-0


[Site "https://www.chess.com"]

[Event "Titled Tuesday Blitz April 19 Late 2022"]
[White "Hambleton, Aman"]
[Black "Baches Garcia, Guillermo"]
[WhiteFideId "2606577"]
[BlackFideId "2209764"]
[WhiteElo "2856"]
[BlackElo "2510"]
[Result "1-0"]
[Round "03"]
[TimeControl "180+1"]
[Date "2022.04.19"]
[WhiteClock "0:00:02"]
[BlackClock "0:00:01"]

1. d4 Nf6 2. c4 e6 3. Nc3 d5 4. cxd5 Nxd5 5. Bd2 c5 6. Nf3 cxd4 7. Nxd4 Be7 8. e4 Nxc3 9. Bxc3 O-O 10. Be2 Bd7 11. O-O Nc6 12. Bb5 Rc8 13. Nxc6 Bxc6 14. Bxc6 Rxc6 15. Qg4 f6 16. Rad1 Qc8 17. Rd3 Rf7 18. Rfd1 Rc7 19. h4 h6 20. h5 f5 21. exf5 exf5 22. Qg6 Rc6 23. Qg3 Kh7 24. Rd7 Bh4 25. Qd3 Rc7 26. Rd5 Qe6 27. g3 Bf6 28. Rd6 Qe7 29. Qxf5+ Kg8 30. Bxf6 Rxf6 31. Rd8+ Kf7 32. Qh7 Ke6 33. Qg8+ Qf7 34. Re8+ Kf5 35. Qh7+ Kg4 36. Qe4+ Kxh5 37. Re5+ g5 38. g4+ Kh4 39. Qh1+ Kxg4 40. Rd4+ Rf4 41. Rxf4+ Qxf4 42. Qg2+ Kh5 43. Qh3+ Kg6 44. Re6+ 1-0


[Site "https://www.chess.com"]

[Event "Titled Tuesday Blitz April 19 Late 2022"]
[White "Hamley, Ryan"]
[Black "Burke, Paul"]
[WhiteFideId "30959497"]
[BlackFideId "2605767"]
[WhiteElo "2527"]
[BlackElo "1882"]
[Result "1-0"]
[Round "03"]
[TimeControl "180+1"]
[Date "2022.04.19"]
[WhiteClock "0:00:12"]
[BlackClock "0:00:02"]

1. e4 e5 2. Nf3 Nc6 3. d4 exd4 4. Nxd4 Be7 5. Nc3 d6 6. Be3 Nf6 7. f3 O-O 8. Qd2 a6 9. O-O-O Nxd4 10. Bxd4 c5 11. Be3 b5 12. g4 b4 13. Ne2 Be6 14. Kb1 c4 15. Qxb4 d5 16. Qc3 Rb8 17. Nf4 Bb4 18. Qd4 dxe4 19. g5 Qxd4 20. Bxd4 Nd5 21. Nxd5 Bxd5 22. Bxg7 Kxg7 23. Rxd5 Rfd8 24. fxe4 Rxd5 25. exd5 c3 26. Bxa6 cxb2 27. Bc4 Bc3 28. Rf1 Rc8 29. Bb3 Rd8 30. h4 Kg6 31. Rf3 Be5 32. c4 Kh5 33. Rxf7 Kxh4 34. Rxh7+ Kxg5 35. c5 Rf8 36. Rh1 Rf2 37. d6 Rd2 38. Re1 Kf4 39. a4 Rd4 40. a5 Rb4 41. Bc2 Bf6 42. a6 Rb5 43. Re4+ Kf3 44. Ra4 Rxc5 45. a7 Rh5 46. Bd1+ Ke3 47. Bxh5 1-0


[Site "https://www.chess.com"]

[Event "Titled Tuesday Blitz April 19 Late 2022"]
[White "Hernandez Bermudez, Ulises Eduardo"]
[Black "Sernecki, Franciszek"]
[WhiteFideId "3902510"]
[BlackFideId "1169297"]
[WhiteElo "2056"]
[BlackElo "2165"]
[Result "0-1"]
[Round "03"]
[TimeControl "180+1"]
[Date "2022.04.19"]
[WhiteClock "0:01:29"]
[BlackClock "0:00:06"]

1. e4 c6 2. d4 d5 3. e5 Bf5 4. h4 h6 5. Bd3 Bxd3 6. Qxd3 e6 7. Nf3 Qa5+ 8. c3 Qa6 9. Qxa6 Nxa6 10. O-O Ne7 11. b4 Nc7 12. a4 a5 13. Nbd2 Nc8 14. bxa5 Rxa5 15. Nb3 Ra7 16. Bd2 Nb6 17. a5 Nc4 18. Be3 Be7 19. Nfd2 Nxd2 20. Nxd2 Bxh4 21. c4 O-O 22. cxd5 Nxd5 23. Rfb1 Rfa8 24. Nc4 Bd8 25. Rb3 Bxa5 26. Nxa5 Rxa5 27. Rxa5 Rxa5 28. Rxb7 Rb5 29. Ra7 Rb1+ 30. Kh2 Rb3 31. Ra8+ Kh7 32. Rc8 Nxe3 33. fxe3 Rxe3 34. Rxc6 Rd3 35. Rd6 Kg6 36. Rd7 f6 37. Rd6 Kf5 38. exf6 gxf6 39. Kg1 Rd2 40. Kh2 Rd3 41. Kg1 e5 42. dxe5 Rxd6 43. exd6 Ke6 44. Kf2 Kxd6 45. Kf3 Ke5 46. Ke3 Kf5 47. Kf3 h5 48. g3 Kg5 49. Kf2 Kg4 50. Kg2 f5 51. Kf2 Kh3 52. Kf3 Kh2 53. Kf4 Kg2 54. Kxf5 Kxg3 55. Kg5 h4 0-1


[Site "https://www.chess.com"]

[Event "Titled Tuesday Blitz April 19 Late 2022"]
[White "Herrera Reyes, Jose Antonio"]
[Black "Derraugh, Geordie"]
[WhiteFideId "2274914"]
[BlackFideId "2603950"]
[WhiteElo "2361"]
[BlackElo "2116"]
[Result "1-0"]
[Round "03"]
[TimeControl "180+1"]
[Date "2022.04.19"]
[WhiteClock "0:01:40"]
[BlackClock "0:01:17"]

1. Nf3 c5 2. g3 Nc6 3. Bg2 g6 4. d3 Bg7 5. Nc3 e5 6. e4 Nge7 7. h4 d5 8. h5 d4 9. Ne2 Bg4 10. Rh4 Qd7 11. Nh2 Bxh5 12. Bh3 Qd8 13. Bg5 Bxe2 14. Qxe2 h6 15. Bd2 Qb6 16. O-O-O g5 17. Rh5 Ng6 18. Bf5 Nce7 19. Ng4 Qd6 20. Qf3 b5 21. Rdh1 a5 22. Nxh6 Rxh6 23. Rxh6 Bxh6 24. Rxh6 Qf6 25. Bd7+ 1-0


[Site "https://www.chess.com"]

[Event "Titled Tuesday Blitz April 19 Late 2022"]
[White "Hnydiuk, Aleksander"]
[Black "Dilmukhametov, Artur"]
[WhiteFideId "1109057"]
[BlackFideId "24179922"]
[WhiteElo "2374"]
[BlackElo "2244"]
[Result "1-0"]
[Round "03"]
[TimeControl "180+1"]
[Date "2022.04.19"]
[WhiteClock "0:00:24"]
[BlackClock "0:00:11"]

1. Nf3 d5 2. d4 c6 3. c4 e6 4. Nbd2 a6 5. g3 b5 6. b3 Nf6 7. Bg2 Be7 8. O-O O-O 9. Qc2 Bb7 10. e4 dxe4 11. Nxe4 Nxe4 12. Qxe4 Nd7 13. Rd1 Nf6 14. Qe2 bxc4 15. bxc4 c5 16. d5 exd5 17. Rb1 Bc6 18. Ne5 Ba4 19. Rd3 Rb8 20. Rxb8 Qxb8 21. Ra3 Qb1 22. Qd2 Ne4 23. Qb2 Rb8 24. Qxb1 Rxb1 25. Bxe4 Rxc1+ 26. Kg2 dxe4 27. Rxa4 f6 28. Nc6 Bf8 29. Rxa6 Rxc4 30. Nd8 Rc2 31. Kf1 c4 32. Ra8 Bb4 33. Nc6+ Kf7 34. Nxb4 Rb2 35. a3 c3 36. Rc8 Rb3 37. Nd5 Rxa3 38. Nxc3 Ra1+ 39. Ke2 Rc1 40. Rc7+ Kg6 41. Nd5 Rh1 42. h4 f5 43. Nf4+ Kf6 44. Nh5+ Kg6 45. Nxg7 Ra1 46. Ne6 Ra2+ 47. Kf1 Ra1+ 48. Kg2 Ra2 49. Nf4+ Kf6 50. Rc6+ Kf7 51. Nd5 1-0


[Site "https://www.chess.com"]

[Event "Titled Tuesday Blitz April 19 Late 2022"]
[White "Ibadov, Dashgyn"]
[Black "Timofeev, Artyom"]
[WhiteFideId "24107514"]
[BlackFideId "4140419"]
[WhiteElo "2514"]
[BlackElo "2866"]
[Result "0-1"]
[Round "03"]
[TimeControl "180+1"]
[Date "2022.04.19"]
[WhiteClock "0:00:19"]
[BlackClock "0:01:38"]

1. e4 c5 2. Nf3 Nc6 3. d4 cxd4 4. Nxd4 e5 5. Nb5 a6 6. Nd6+ Bxd6 7. Qxd6 Qe7 8. Qxe7+ Ngxe7 9. c3 d5 10. exd5 Nxd5 11. Bc4 Be6 12. Nd2 b5 13. Bb3 Nf4 14. Bxe6 Nxe6 15. Nf3 f6 16. Be3 Ke7 17. Ke2 g5 18. Rhd1 h5 19. a4 h4 20. h3 e4 21. Nd4 Ncxd4+ 22. Bxd4 Rhc8 23. f3 Nf4+ 24. Kf1 exf3 25. gxf3 Nxh3 26. Re1+ Kf7 27. axb5 axb5 28. Rxa8 Rxa8 29. Bc5 Nf4 30. Re7+ Kg6 31. Bd4 h3 32. Kf2 Ra2 0-1


[Site "https://www.chess.com"]

[Event "Titled Tuesday Blitz April 19 Late 2022"]
[White "Ibarra Jerez, Jose Carlos"]
[Black "Nazaretyan, Tigran"]
[WhiteFideId "2226332"]
[BlackFideId "24162345"]
[WhiteElo "2626"]
[BlackElo "2225"]
[Result "1-0"]
[Round "03"]
[TimeControl "180+1"]
[Date "2022.04.19"]
[WhiteClock "0:00:45"]
[BlackClock "0:00:07"]

1. d4 Nf6 2. Bf4 d6 3. Nc3 Nbd7 4. Nf3 c5 5. d5 b5 6. Nxb5 Rb8 7. Nc3 Rxb2 8. e3 Qa5 9. Qd2 Nb6 10. e4 g6 11. Nd1 Qxd2+ 12. Nxd2 Rxc2 13. Bd3 Nh5 14. Bxc2 Nxf4 15. g3 Nh3 16. Ne3 Bg7 17. Rb1 Ba6 18. Bd1 h5 19. Be2 Bxe2 20. Kxe2 Kd7 21. f4 Kc7 22. Rhf1 Na4 23. Kf3 g5 24. Ndc4 Nc3 25. Nf5 g4+ 26. Ke3 Bd4+ 27. Nxd4 cxd4+ 28. Kxd4 Nxb1 29. Rxb1 h4 30. Na5 hxg3 31. Rb7+ Kc8 32. hxg3 Ng1 33. Rxa7 Rh3 34. Nc6 Ne2+ 35. Kc4 Rxg3 36. Nxe7+ Kd8 37. Nc6+ Ke8 38. e5 Nxf4 39. exd6 Rc3+ 40. Kxc3 Nxd5+ 41. Kd4 Nf6 42. d7+ Nxd7 43. Ra8+ Nb8 44. Rxb8+ Kd7 45. Ne5+ Kc7 46. Rf8 f5 47. Rxf5 g3 48. Rg5 g2 49. Rxg2 Kd6 50. Rg6+ Ke7 51. Kd5 Kf8 52. Rb6 Ke7 53. a4 Kd8 54. Rb7 Kc8 55. Kc6 Kd8 56. a5 Kc8 57. a6 Kd8 58. a7 1-0


[Site "https://www.chess.com"]

[Event "Titled Tuesday Blitz April 19 Late 2022"]
[White "Isajevsky, Anton"]
[Black "Dubov, Daniil"]
[WhiteFideId "4142500"]
[BlackFideId "24126055"]
[WhiteElo "2510"]
[BlackElo "2791"]
[Result "0-1"]
[Round "03"]
[TimeControl "180+1"]
[Date "2022.04.19"]
[WhiteClock "0:00:19"]
[BlackClock "0:02:18"]

1. c4 e5 2. g3 Nc6 3. Bg2 h5 4. h3 Bc5 5. Nc3 d6 6. Na4 h4 7. g4 f5 8. Nxc5 dxc5 9. gxf5 Bxf5 10. d3 Nf6 11. Bxc6+ bxc6 12. e4 Bg6 13. Be3 Qd6 14. Qd2 Rd8 15. O-O-O Qe6 16. f3 Bh5 17. Qg2 O-O 18. Bxc5 Rf7 19. Be3 Rfd7 20. Kc2 Nxe4 0-1


[Site "https://www.chess.com"]

[Event "Titled Tuesday Blitz April 19 Late 2022"]
[White "Ivanisevic, Ivan"]
[Black "Sjugirov, Sanan"]
[WhiteFideId "912417"]
[BlackFideId "4189302"]
[WhiteElo "2495"]
[BlackElo "2602"]
[Result "1-0"]
[Round "03"]
[TimeControl "180+1"]
[Date "2022.04.19"]
[WhiteClock "0:00:09"]
[BlackClock "0:00:04"]

1. d4 Nf6 2. c4 c6 3. Bf4 Qb6 4. Qd2 Ne4 5. Qc2 d5 6. e3 Nd7 7. Nf3 Qa5+ 8. Nbd2 Ndf6 9. Bd3 Bf5 10. b4 Qd8 11. O-O Nxd2 12. Nxd2 Bxd3 13. Qxd3 e6 14. c5 a6 15. h3 Be7 16. a4 O-O 17. b5 axb5 18. axb5 Qd7 19. Rfb1 h6 20. Nf3 Rfc8 21. b6 Qe8 22. Ra7 Ne4 23. Rxb7 Bxc5 24. Rc7 Bd6 25. Rxc8 Rxc8 26. b7 Rb8 27. Qa6 Bxf4 28. exf4 c5 29. Ne5 cxd4 30. Nc6 Nc5 31. Qa7 Rxb7 32. Rxb7 Nxb7 33. Qxb7 d3 34. Ne5 d2 35. Qb3 f6 36. Nf3 d1=Q+ 37. Qxd1 Qb8 38. Qe2 Kf7 39. g3 Qb4 40. Kg2 g5 41. Ne1 gxf4 42. Qh5+ Ke7 43. Qxh6 fxg3 44. Qg7+ Ke8 45. Qg6+ Ke7 46. Qg7+ Ke8 47. Nf3 gxf2 48. Qxf6 f1=Q+ 49. Kxf1 Qc4+ 50. Kg2 Qe2+ 51. Kg3 Kd7 52. Qe5 Qc2 53. Qg7+ Kd6 54. h4 Qd1 55. Qf8+ Kd7 56. Qf4 Qh1 57. Ne5+ Ke7 58. Ng6+ Kd7 59. Qf7+ Kd6 60. Qe7+ Kc6 61. Qxe6+ Kc5 62. Qe3+ Kc6 63. Ne5+ Kd6 64. Nf3 Kc6 65. Qe5 Kc5 66. h5 Kc4 67. Qd4+ Kb3 68. Qxd5+ 1-0


[Site "https://www.chess.com"]

[Event "Titled Tuesday Blitz April 19 Late 2022"]
[White "Jaracz, Pawel"]
[Black "Reprintsev, Alexander"]
[WhiteFideId "1102222"]
[BlackFideId "14100541"]
[WhiteElo "2429"]
[BlackElo "2108"]
[Result "0-1"]
[Round "03"]
[TimeControl "180+1"]
[Date "2022.04.19"]
[WhiteClock "0:00:01"]
[BlackClock "0:00:01"]

1. d4 d5 2. c4 e5 3. dxe5 d4 4. Nf3 Nc6 5. g3 Nge7 6. Bg2 Ng6 7. O-O Ngxe5 8. Nbd2 Nxf3+ 9. exf3 Be7 10. f4 O-O 11. Re1 Re8 12. a3 a5 13. b3 Bf5 14. Bb2 Qd7 15. Nf3 Rad8 16. Qd2 Bf6 17. Rxe8+ Rxe8 18. Rd1 Rd8 19. Re1 Qd6 20. h3 h5 21. Ng5 Ne7 22. Qxa5 b6 23. Qd2 c5 24. Ne4 Qc6 25. Bf3 Bxh3 26. Ng5 Qd7 27. Bxh5 Bxg5 28. fxg5 Nc6 29. Qf4 Bf5 30. Bf3 Bc2 31. Bd5 Rf8 32. b4 Ne7 33. Bf3 Ng6 34. Qd2 Bf5 35. bxc5 bxc5 36. Qa5 Rc8 37. Qb6 Be6 38. Qb5 Qa7 39. Bc1 Rb8 40. Qc6 Bxc4 41. Be4 Ne7 42. Qd6 Re8 43. Bc6 Qa5 44. Rxe7 Rxe7 45. Qxe7 g6 46. Qe8+ Kh7 47. Bf3 Be6 0-1


[Site "https://www.chess.com"]

[Event "Titled Tuesday Blitz April 19 Late 2022"]
[White "Jarocka, Liwia"]
[Black "Hamitevici, Vladimir"]
[WhiteFideId "21807558"]
[BlackFideId "13902393"]
[WhiteElo "1896"]
[BlackElo "2359"]
[Result "0-1"]
[Round "03"]
[TimeControl "180+1"]
[Date "2022.04.19"]
[WhiteClock "0:00:10"]
[BlackClock "0:00:33"]

1. d4 d5 2. Nf3 Nc6 3. g3 Bg4 4. Bg2 Qd7 5. O-O h5 6. Ne5 Nxe5 7. dxe5 c6 8. c4 dxc4 9. Qxd7+ Bxd7 10. a4 Be6 11. Na3 g6 12. h4 Bg7 13. Bf4 Nh6 14. Rac1 Ng4 15. Bh3 Nxe5 16. Bxe6 fxe6 17. Bxe5 Bxe5 18. Nxc4 Bc7 19. b3 Rd8 20. Kg2 Kf7 21. Rfd1 Kf6 22. e4 e5 23. b4 a6 24. Nb2 Rxd1 25. Rxd1 Bd6 26. Nd3 a5 27. bxa5 Ra8 28. Rb1 Rxa5 29. Rxb7 Rxa4 30. Kf3 c5 31. Nb2 Rd4 32. Ra7 c4 33. Ra8 c3 34. Na4 c2 35. Rc8 Rxa4 36. Rxc2 Ke6 37. Rc8 Ra3+ 38. Kg2 Ra2 39. Rg8 Kf7 0-1


[Site "https://www.chess.com"]

[Event "Titled Tuesday Blitz April 19 Late 2022"]
[White "Jaskolka, Tomasz"]
[Black "Piliczewski, Bogusz"]
[WhiteFideId "1170791"]
[BlackFideId "1104144"]
[WhiteElo "2073"]
[BlackElo "1896"]
[Result "1-0"]
[Round "03"]
[TimeControl "180+1"]
[Date "2022.04.19"]
[WhiteClock "0:00:26"]
[BlackClock "0:00:02"]

1. d4 d5 2. Bf4 Nf6 3. e3 Bf5 4. c4 e6 5. Nc3 c6 6. Qb3 Qc8 7. Nf3 Nbd7 8. h3 h6 9. Be2 Be7 10. O-O O-O 11. a4 Ne4 12. Nxe4 dxe4 13. Nd2 Bh7 14. f3 Nf6 15. fxe4 Nxe4 16. Nxe4 Bxe4 17. Bf3 Bh7 18. c5 Rd8 19. Qc4 a6 20. Be5 Qd7 21. Bh5 Rf8 22. b4 Be4 23. Rf4 Bd5 24. Qd3 Bg5 25. Rg4 f6 26. h4 fxe5 27. hxg5 e4 28. Qe2 hxg5 29. Rxg5 Rf5 30. Qg4 Rxg5 31. Qxg5 Qd8 32. Qg3 Qe7 33. Bg6 e5 34. Qh3 exd4 35. Qh7+ Kf8 36. Rf1+ Qf6 37. Rxf6+ gxf6 38. Qh8+ Bg8 39. Qxf6+ 1-0


[Site "https://www.chess.com"]

[Event "Titled Tuesday Blitz April 19 Late 2022"]
[White "Jegorovas, Aleksandras"]
[Black "Yurasova, Daria"]
[WhiteFideId "12801950"]
[BlackFideId "34146919"]
[WhiteElo "2247"]
[BlackElo "2064"]
[Result "1-0"]
[Round "03"]
[TimeControl "180+1"]
[Date "2022.04.19"]
[WhiteClock "0:00:35"]
[BlackClock "0:00:32"]

1. Nf3 d5 2. e3 c6 3. d4 Nf6 4. c4 Bf5 5. Nc3 e6 6. Be2 Nbd7 7. Nh4 Bg6 8. Nxg6 hxg6 9. O-O Be7 10. Qc2 O-O 11. b3 Re8 12. Bb2 Rc8 13. g3 Bd6 14. e4 dxe4 15. Nxe4 Nxe4 16. Qxe4 Nf6 17. Qg2 Qc7 18. Rad1 e5 19. c5 Bf8 20. dxe5 Nd7 21. Bg4 Rcd8 22. Bxd7 Rxd7 23. b4 Red8 24. Qf3 Rd5 25. Rxd5 Rxd5 26. Rd1 Rxd1+ 27. Qxd1 a5 28. a3 axb4 29. axb4 b6 30. Qd4 bxc5 31. bxc5 Qc8 32. Qe3 Qf5 33. Bd4 Qe6 34. Qe4 Qc4 35. Qe3 Qe6 36. Kg2 Qd5+ 37. f3 Qa2+ 38. Kh3 Qe6+ 39. g4 Qc4 40. Kg2 Qa2+ 41. Qf2 Qd5 42. h4 Be7 43. Kh3 Bd8 44. Qe3 Qc4 45. Kg2 Qa2+ 46. Qf2 Qd5 47. h5 gxh5 48. gxh5 Bc7 49. Qe3 Qa2+ 50. Kh3 Qe6+ 51. Kg3 Qf5 52. Qe4 Qg5+ 53. Kf2 Qd2+ 54. Kg1 Qg5+ 55. Kf1 Qxh5 56. Qxc6 Qh1+ 57. Ke2 Ba5 58. Qa8+ Kh7 59. Qxa5 1-0


[Site "https://www.chess.com"]

[Event "Titled Tuesday Blitz April 19 Late 2022"]
[White "Kaasen, Tor Fredrik"]
[Black "Bluebaum, Matthias"]
[WhiteFideId "1516647"]
[BlackFideId "24651516"]
[WhiteElo "2335"]
[BlackElo "2550"]
[Result "1-0"]
[Round "03"]
[TimeControl "180+1"]
[Date "2022.04.19"]
[WhiteClock "0:00:11"]
[BlackClock "0:00:07"]

1. d4 Nf6 2. c4 e6 3. Nf3 d5 4. g3 dxc4 5. Bg2 Bb4+ 6. Nbd2 b5 7. O-O a5 8. Qc2 Bb7 9. a3 Bxd2 10. Bxd2 a4 11. Rad1 O-O 12. Rfe1 Be4 13. Qc1 Nc6 14. Bc3 Qd5 15. Bf1 Bxf3 16. exf3 Qd7 17. d5 exd5 18. Bxf6 gxf6 19. Qf4 Kg7 20. Re4 d4 21. Qh4 Qd6 22. Bh3 Ne5 23. Qh5 d3 24. Rh4 Rh8 25. Qh6+ Kg8 26. Re1 Nxf3+ 27. Kh1 Nxh4 28. gxh4 f5 29. Rg1+ Qg6 30. Bxf5 Rd8 31. Bxg6 hxg6 32. Rxg6+ fxg6 33. Qxg6+ Kf8 34. Qf6+ Ke8 35. Qxh8+ Kd7 36. Qc3 Kc6 37. Qd2 Re8 38. h5 Re2 39. Qf4 Kb6 40. Kg2 Re6 41. Qd4+ Kb7 42. Kg3 Rd6 43. Qe4+ Kb6 44. Qe1 d2 45. Qd1 c5 46. h6 b4 47. h7 c3 48. bxc3 bxc3 49. h8=Q c2 50. Qb8+ Kc6 51. Qf3+ 1-0


[Site "https://www.chess.com"]

[Event "Titled Tuesday Blitz April 19 Late 2022"]
[White "Kanyamarala, Trisha"]
[Black "Bilan, Danila"]
[WhiteFideId "45004722"]
[BlackFideId "24161918"]
[WhiteElo "2079"]
[BlackElo "2164"]
[Result "1-0"]
[Round "03"]
[TimeControl "180+1"]
[Date "2022.04.19"]
[WhiteClock "0:00:04"]
[BlackClock "0:00:08"]

1. c4 c6 2. Nc3 d5 3. cxd5 cxd5 4. d4 Nf6 5. Bf4 a6 6. e3 Nc6 7. Nf3 e6 8. Bd3 Bd6 9. Bxd6 Qxd6 10. O-O O-O 11. a3 b5 12. b4 e5 13. dxe5 Nxe5 14. Nxe5 Qxe5 15. Ne2 Bg4 16. h3 Bh5 17. Qb3 Bxe2 18. Bxe2 Ne4 19. Rad1 Nc3 20. Rd2 d4 21. Bf3 dxe3 22. fxe3 Qxe3+ 23. Kh1 Qxd2 24. Bxa8 Qe2 25. Kg1 Qe3+ 26. Kh1 Qd3 27. Rf3 Qd1+ 28. Qxd1 Nxd1 29. Bd5 g6 30. Kg1 Nb2 31. Bb7 Rb8 32. Bxa6 Kg7 33. Rc3 Rb6 34. Bc8 Nc4 35. a4 Rb8 36. Ba6 Nb2 37. Bxb5 Nxa4 38. Bxa4 Ra8 39. Ra3 Rb8 40. b5 Kf6 41. Re3 Kf5 42. Kf2 g5 43. g4+ Kf6 44. Kf3 h6 45. Rb3 Ra8 46. Rb4 Ke5 47. b6 Rc8 48. b7 Rb8 49. Bd7 Kd6 50. Bc8 Kc7 51. Rd4 Kc6 52. Re4 Kd6 53. Re8 f6 54. Rh8 Ke7 55. Rxh6 Rxb7 56. Bxb7 1-0


[Site "https://www.chess.com"]